 Dungeon Crawl Stone Soup version 0.28.0-47-ge53b351184 (webtiles) character file.

Game seed: 15535864554509438850

68145 Bruhh the Fighter (level 15, -4/115 HPs)
             Began as a Djinni Fire Elementalist on Apr 30, 2022.
             Was a Believer of Jiyva (penitent).
             Slain by an anaconda (14 damage)
             ... on level 1 of the Snake Pit.
             The game lasted 01:16:50 (27548 turns).

Bruhh the Fighter (Djinni Fire Elementalist)       Turns: 27548, Time: 01:16:51

Health: -4/115     AC:  5    Str:  7    XL:     15   Next: 69%
Gold:   2396       EV: 15    Int: 23    God:    Jiyva [**....] SH: 11 Dex: 15

rFire   + + +      SeeInvis +   n - staff of fire
rCold   x . .      Faith    .   c - +0 kite shield {reflect}
rNeg    . . .      Spirit   .   A - +1 troll leather armour
rPois   ∞          Reflect  +   (no helmet)
rElec   .          Harm     .   (no cloak)
rCorr   .          Rampage  .   (no gloves)
Will    +....                   (boots unavailable)
Stlth   ++........              U - amulet of the acrobat
HPRegen 1.09/turn               l - ring of see invisible
MPRegen 0.00/turn               K - +4 ring of evasion

@: corroded, flying, constricted, studying Armour
A: sickness immunity, fire resistance 2, cold vulnerability 1, float, innate
caster, HP casting, extra vitality 1, iridescent scales 1, noise suppression
a: Renounce Religion


You were on level 1 of the Snake Pit.
You worshipped Jiyva.
Jiyva was demanding penance.
You visited 5 branches of the dungeon, and saw 21 of its levels.

You collected 3332 gold pieces.
You spent 936 gold pieces at shops.

Inventory:

Hand Weapons
 L - a +0 mace
Missiles
 h - 2 throwing nets
Armour
 a - a +0 robe
 c - a +0 kite shield of reflection (worn)
 o - a +0 leather armour
 v - the +13 chain mail "Ekut Hog" {Drain +Blink rF+}
   (You found it on level 6 of the Dungeon)

   rF:        It protects you from fire.
   +Blink:    It lets you blink.
   Drain:     It drains your maximum health when unequipped.
 w - a +0 robe of cold resistance
 A - a +1 troll leather armour (worn)
 I - a +2 buckler
Magical Staves
 n - a staff of fire (weapon)
Jewellery
 g - a +4 ring of slaying
 l - a ring of see invisible (left hand)
 m - a ring of ice
 x - a ring of protection from cold
 z - a ring of protection from fire
 F - a ring of wizardry
 K - a +4 ring of evasion (right hand)
 T - a ring of fire
 U - an amulet of the acrobat (around neck)
Wands
 q - a wand of iceblast (4)
 s - a wand of digging (4)
 t - a wand of flame (12)
 C - a wand of polymorph (5)
 G - a wand of charming (11)
 S - a wand of mindburst (9)
Scrolls
 e - 11 scrolls of teleportation
 p - 4 scrolls of noise
 r - a scroll of fear
 y - 2 scrolls of silence
 B - 3 scrolls of amnesia
 E - 2 scrolls of enchant weapon
 J - 2 scrolls of brand weapon
 M - 2 scrolls of holy word
 N - a scroll of magic mapping
 O - 2 scrolls of summoning
 R - a scroll of immolation
Potions
 b - 2 potions of invisibility {unknown}
 d - 3 potions of haste
 i - 3 potions of lignification
 u - 3 potions of brilliance
 H - 2 potions of might {unknown}
 Q - a potion of resistance {unknown}


   Skills:
 - Level 13.5 Fighting
 - Level 11.0 Armour
 - Level 8.0 Dodging
 - Level 1.5 Stealth
 * Level 8.9 Shields
 + Level 11.4 Spellcasting
 - Level 10.0 Evocations


You couldn't memorise any spells.
You knew the following spells:

 Your Spells              Type           Power      Damage    Failure   Level
a - Foxfire               Conj/Fire      100%       2x1d9     1%          1
b - Scorch                Fire           100%       2d10      1%          2
c - Conjure Flame         Conj/Fire      78%        6-21      1%          3
d - Inner Flame           Hex/Fire       78%        N/A       1%          3
e - Flame Wave            Conj/Fire      78%        2d14      1%          4
f - Shock                 Conj/Air       100%       1d9       1%          1
g - Searing Ray           Conj           100%       2d8       1%          2
h - Vampiric Draining     Necr           60%        2d10      1%          3
i - Lesser Beckoning      Tloc           60%        N/A       1%          3
j - Lee's Rapid Deconstr  Erth           30%        3d17*     4%          5
k - Yara's Violent Unrav  Hex/Tmut       30%        3d13      4%          5
l - Conjure Ball Lightni  Conj/Air       30%        3x3d10    22%         6
Your spell library was empty.

Dungeon Overview and Level Annotations

Branches:
Dungeon (10/15)            Temple (0/1) D:5            Lair (6/6) D:8
 Shoals (0/4) Lair:2        Snake (1/4) Lair:3        Slime (2/5) Lair:6
    Orc (2/2) D:10            Elf (0/3) Orc:2

Altars:
Dithmenos
Fedhas
Gozag
Kikubaaqudgha
Makhleb
Nemelex Xobeh
Okawaru
Ru
Sif Muna
Trog
Vehumet
Xom
Zin
The Shining One
Beogh
Jiyva

Shops:
D:2 *?   D:7 (   D:9 :   Orc:2 (*(*[


Innate Abilities, Weirdness & Mutations

You are immune to sickness and miasma.
You are immune to poison.
Your flesh is very heat resistant. (rF++)
You are vulnerable to cold. (rC-)
You float through the air rather than walking.
You learn spells naturally, not from books.
Your magical power is your life essence.
You have superior vitality. (+4 MHP)
You are partially covered in iridescent scales. (AC +2)
You passively dampen the noise of your surroundings.


Message History

The jelly barely misses you.
Your magical contamination has completely faded away.
You are too confused!
Are you sure you want to stumble around while confused and next to the jelly?
This could place you under penance!
Okay, then.
Are you sure you want to stumble around while confused and next to the jelly?
This could place you under penance!
You escape the anaconda's grasp.
The anaconda completely misses you. The anaconda misses you.
You feel better.
You feel less invigorated. The anaconda grabs you.
You block the anaconda's attack. The anaconda constricts you.
* * * LOW HITPOINT WARNING * * *
You block the jelly's attack. The anaconda bites you!
* * * LOW HITPOINT WARNING * * *
The anaconda constricts you.
* * * LOW HITPOINT WARNING * * *
Blink to where?
Press: ? - help, Dir - move target You escape the anaconda's grasp.
As you read the scroll of blinking, it crumbles to dust.
The anaconda is no longer more vulnerable to fire.
The anaconda closely misses you. You block the anaconda's attack.
The jelly is no longer more vulnerable to fire.
The anaconda grabs you. The anaconda bites you.
* * * LOW HITPOINT WARNING * * *
The anaconda constricts you.
* * * LOW HITPOINT WARNING * * *
You escape the anaconda's grasp.
There is a staircase back to the Lair, spattered with blood here.
Casting: Scorch (safe; 1% risk of failure)
Confirm with . or Enter, or press ? or * to list all spells.
Aiming: Vampiric Draining (safe; 1% risk of failure)
Press: ? - help, Shift-Dir - straight line, f - anaconda
Aim: an anaconda (lightly wounded)
You draw life force from the anaconda!
You feel life coursing into your body.
* * * LOW HITPOINT WARNING * * *
The anaconda grabs you. You block the anaconda's attack.
The anaconda constricts you.
* * * LOW HITPOINT WARNING * * *
The anaconda bites you!
You die...

...............................
...............................
...............#..........#...
..........J....#.#........# .
.................#..........
.............#.#.....J...##.
..............#.##.....#...
..............##.#.........
........J......#@........
.......##......##S...#...
...............#.........
........................#
.....................#..#........
..........#..J...................
..........#......>.......#.......
..........#.............##.......
.....#..................##.......


You could see an anaconda and a neutral jelly (wandering)(fellow slime).

Vanquished Creatures
  2 naga warriors
  A catoblepas (Lair:6)
  Harold (Lair:1)
  2 boulder beetles
  2 anacondas (Snake:1)
  3 hydras
  A two-headed ogre (D:10)
  16 death yaks
  A deep troll shaman (Lair:6)
  A tengu warrior (D:10)
  A naga sharpshooter (Snake:1)
  7 orc high priests (Orc:2)
  A shock serpent (Snake:1)
  A naga ritualist (Lair:3)
  Pikel (D:7)
  2 mana vipers (Snake:1)
  2 orc sorcerers
  A deep elf pyromancer (D:10)
  A salamander (Snake:1)
  8 black mambas
  28 elephants
  4 naga magi (Snake:1)
  12 cane toads
  2 rime drakes
  Maggie (Lair:1)
  A tengu conjurer (D:10)
  6 komodo dragons
  4 trolls
  6 polar bears
  A slime creature (D:7)
  A hornet (D:10)
  5 dream sheep (Lair:4)
  3 blink frogs (Lair:2)
  A shadow (D:9)
  Sigmund (D:2)
  4 basilisks
  5 steam dragons
  35 yaks
  A wraith (D:7)
  4 wyverns
  6 nagas
  8 wargs (Orc:2)
  Edmund (D:5)
  16 water moccasins
  An acid dragon (D:10)
  12 orc warriors
  An ice beast (D:7)
  2 sky beasts
  4 necrophages (D:6)
  A hornet zombie (D:7)
  3 black bears
  4 centaurs
  23 wolves
  3 ogres
  A phantom (D:5)
  3 kobold brigands
  14 bullfrogs
  A scorpion (D:5)
  5 water moccasin zombies
  A water moccasin skeleton (D:4)
  6 killer bees (D:8)
  A wight (D:7)
  3 electric eels (D:7)
  2 howler monkeys
  2 bullfrog zombies (D:6)
  3 centaur zombies
  3 jellies
  28 orc priests
  3 iguanas
  9 orc wizards
  5 hell rats (Lair:4)
  A killer bee zombie (D:7)
  A howler monkey skeleton (D:7)
  8 gnolls
  7 adders
  2 shadow imps (D:6)
  2 adder skeletons (D:4)
  5 worms
  4 dart slugs
  59 orcs
  5 endoplasms
  6 giant cockroaches
  13 goblins
  3 hobgoblins
  24 kobolds
  4 quokkas
  7 ball pythons
  7 bats
  5 frilled lizards
  A jackal skeleton (D:4)
  6 rats
  A bush (Lair:6)
  A butterfly (Lair:1)
527 creatures vanquished.

Vanquished Creatures (collateral kills)
  A salamander (Snake:1)
  A ball lightning (Orc:2)
2 creatures vanquished.

Vanquished Creatures (others)
  An orc warrior (D:10)
  3 orc priests (Orc:2)
  15 jellies
  16 orcs
  18 ball lightnings
  A bush (D:6)
  53 foxfires (D:1)
  36 fungi
  64 plants
207 creatures vanquished.

Grand Total: 736 creatures vanquished

Notes
Turn   | Place    | Note
-------+----------+-------------------------------------------
     0 | D:1      | Bruhh the Djinni Fire Elementalist began the quest for the
                  | Orb.
     0 | D:1      | Reached XP level 1. HP: 15/15 MP: 0/0
    10 | D:1      | Found a faded altar of an unknown god.
   687 | D:1      | Reached XP level 2. HP: 18/21 MP: 0/0
  1456 | D:1      | Reached XP level 3. HP: 23/25 MP: 0/0
  1456 | D:1      | Learned a level 1 spell: Shock
  1811 | D:2      | Found Zuip's General Store.
  2063 | D:2      | Found Yxkum's Magic Scroll Shop.
  2271 | D:2      | Noticed Sigmund
  2963 | D:2      | Reached XP level 4. HP: 17/31 MP: 0/0
  3572 | D:2      | Killed Sigmund
  3573 | D:2      | Reached skill level 5 in Spellcasting
  3573 | D:2      | Reached XP level 5. HP: 21/35 MP: 0/0
  3573 | D:2      | Learned a level 2 spell: Searing Ray
  3573 | D:2      | Reached XP level 6. HP: 24/40 MP: 0/0
  4006 | D:3      | Found a glowing silver altar of Zin.
  4006 | D:3      | Found a shimmering altar of Xom.
  4006 | D:3      | Noticed an angel
  5013 | D:4      | Found a shadowy altar of Dithmenos.
  5658 | D:4      | Reached XP level 7. HP: 14/45 MP: 0/0
  5658 | D:4      | Learned a level 3 spell: Vampiric Draining
  5880 | D:4      | Found a sparkling altar of Nemelex Xobeh.
  5880 | D:4      | Found a glowing golden altar of the Shining One.
  5883 | D:4      | Found an opulent altar of Gozag.
  5885 | D:4      | Found a burning altar of Makhleb.
  6845 | D:5      | Entered Level 5 of the Dungeon
  6855 | D:5      | Found a staircase to the Ecumenical Temple.
  6868 | D:5      | Reached XP level 8. HP: 40/50 MP: 0/0
  7006 | D:5      | Noticed Edmund
  7014 | D:5      | Killed Edmund
  7015 | D:5      | Reached skill level 1 in Fighting
  7015 | D:5      | Reached skill level 1 in Evocations
  7220 | D:5      | Reached skill level 2 in Fighting
  7220 | D:5      | Reached skill level 1 in Armour
  8148 | D:6      | Found a blossoming altar of Fedhas.
  8174 | D:6      | Reached skill level 3 in Fighting
  8491 | D:6      | Reached skill level 4 in Fighting
  8491 | D:6      | Reached XP level 9. HP: 41/62 MP: 0/0
  8491 | D:6      | Learned a level 3 spell: Lesser Beckoning
  8833 | D:6      | Noticed a troll
  8838 | D:6      | Killed a troll
  8839 | D:6      | Reached skill level 5 in Fighting
  8847 | D:6      | Identified the +13 chain mail "Ekut Hog" {Drain +Blink rF+}
 10337 | D:6      | Reached skill level 5 in Armour
 10918 | D:6      | Found an iron altar of Okawaru.
 10972 | D:6      | Reached skill level 6 in Fighting
 11279 | D:7      | Noticed Pikel
 11361 | D:7      | Noticed a troll
 11370 | D:7      | Killed a troll
 11371 | D:7      | Reached skill level 7 in Fighting
 11371 | D:7      | Reached XP level 10. HP: 23/75 MP: 0/0
 11775 | D:7      | Killed Pikel
 12014 | D:7      | Reached skill level 8 in Fighting
 12100 | D:7      | Found Haptouco's Antique Weapon Boutique.
 12188 | D:7      | Found a bloodstained altar of Trog.
 12250 | D:7      | Identified a scroll of acquirement
 12253 | D:7      | Acquired 907 gold pieces
 12352 | D:8      | Noticed a death yak
 12354 | D:8      | Noticed a death yak
 12355 | D:8      | Noticed a death yak
 12358 | D:8      | Noticed a death yak
 12385 | D:7      | Killed a death yak
 12386 | D:7      | Reached skill level 9 in Fighting
 12446 | D:8      | Noticed a death yak
 12446 | D:8      | Noticed a death yak
 12449 | D:8      | Noticed a death yak
 12451 | D:8      | Noticed a death yak
 12558 | D:7      | Killed a death yak
 12559 | D:7      | Reached XP level 11. HP: 25/84 MP: 0/0
 12559 | D:7      | Learned a level 5 spell: Lee's Rapid Deconstruction
 13330 | D:8      | Killed a death yak
 13331 | D:8      | Reached skill level 10 in Fighting
 13331 | D:8      | Reached skill level 10 in Armour
 13338 | D:8      | Killed a death yak
 13340 | D:8      | Killed a death yak
 13718 | D:8      | Killed a death yak
 13751 | D:7      | Killed a death yak
 14016 | D:8      | Found a staircase to the Lair.
 14034 | D:8      | Killed a death yak
 14035 | D:8      | Reached skill level 5 in Dodging
 14148 | D:8      | Reached XP level 12. HP: 72/91 MP: 0/0
 14221 | D:8      | Gained mutation: You have hidden genetic potential. [potion
                  | of mutation]
 14817 | Lair:1   | Entered Level 1 of the Lair of Beasts
 14821 | Lair:1   | Noticed Harold
 15294 | Lair:1   | Killed Harold
 16078 | Lair:1   | Noticed Maggie
 16082 | Lair:1   | Killed Maggie
 16293 | Lair:2   | Noticed an eight-headed hydra
 16299 | Lair:2   | Killed an eight-headed hydra
 16800 | Lair:2   | Found a staircase to the Shoals.
 16950 | Lair:2   | Reached skill level 10 in Spellcasting
 16992 | Lair:2   | Reached XP level 13. HP: 94/96 MP: 0/0
 16992 | Lair:2   | Learned a level 5 spell: Yara's Violent Unravelling
 17249 | Lair:3   | Found a staircase to the Snake Pit.
 18537 | Lair:4   | Reached skill level 5 in Evocations
 18672 | Lair:4   | You are sucked into a shaft and drop 1 floor!
 21232 | Lair:6   | Entered Level 6 of the Lair of Beasts
 21250 | Lair:5   | Reached XP level 14. HP: 44/103 MP: 0/0
 21257 | Lair:5   | Gained mutation: You passively dampen the noise of your
                  | surroundings. [hidden potential]
 21890 | Lair:6   | Reached skill level 11 in Fighting
 22422 | Lair:6   | Reached skill level 10 in Evocations
 22429 | Lair:6   | Reached skill level 12 in Fighting
 23012 | Lair:6   | Reached skill level 13 in Fighting
 23485 | Lair:6   | Found a viscous altar of Jiyva.
 23485 | Lair:6   | Found a staircase to the Slime Pits.
 23627 | Lair:6   | Became a worshipper of Jiyva Jefoxtec the Shapeless
 23734 | Slime:1  | Entered Level 1 of the Pits of Slime
 23851 | Slime:2  | Noticed a quicksilver ooze
 23853 | Slime:2  | Noticed an azure jelly
 23855 | Slime:2  | Noticed an acid blob
 24119 | D:9      | Found Yseot's Book Emporium.
 24218 | D:9      | Reached * piety under Jiyva
 24348 | D:9      | Found a sacrificial altar of Ru.
 24428 | D:10     | Entered Level 10 of the Dungeon
 24630 | D:10     | Reached skill level 1 in Shields
 24647 | D:10     | Reached XP level 15. HP: 95/115 MP: 0/0
 24647 | D:10     | Learned a level 6 spell: Conjure Ball Lightning
 24647 | D:10     | Gained mutation: You are partially covered in iridescent
                  | scales. (AC +2) [hidden potential]
 24647 | D:10     | Lost mutation: You have hidden genetic potential. [hidden
                  | potential expressed]
 24990 | D:10     | Found a staircase to the Orcish Mines.
 25026 | Orc:1    | Entered Level 1 of the Orcish Mines
 25815 | Orc:2    | Entered Level 2 of the Orcish Mines
 25826 | Orc:2    | Acquired 950 gold pieces
 25913 | Orc:2    | Was placed under penance by Jiyva
 25980 | Orc:2    | Reached skill level 5 in Shields
 26273 | Orc:2    | Found Mopakhlew's General Store.
 26273 | Orc:2    | Found Yfrei's Antique Weapon Shop.
 26281 | Orc:2    | Bought a scroll of acquirement for 936 gold pieces
 26301 | Orc:2    | Was forgiven by Jiyva
 26345 | Orc:2    | Found a staircase to the Elven Halls.
 26469 | Orc:2    | Found Nuot Pez's Antique Weapon Shoppe.
 26566 | Orc:2    | Found Hemadig's General Store.
 26566 | Orc:2    | Found Ellahank's Armour Shop.
 26817 | Orc:2    | Acquired a manual of Armour
 26989 | Snake:1  | Entered Level 1 of the Snake Pit
 26989 | Snake:1  | Reached ** piety under Jiyva
 27491 | Snake:1  | Was placed under penance by Jiyva
 27548 | Snake:1  | Slain by an anaconda

Illustrated notes

Levels and vault maps discovered:
D:1:      amcnicky_arrival_blooded_trapdoor, layout_loops_corners,
          shapermc_ecumenical_altar_rom_forum
D:2:      layout_rooms, serial_shops, shop, nicolae_diamond_shop,
          minmay_unequal, uniq_sigmund
D:3:      layout_loops_ring, grunt_temple_overflow_order_and_chaos_1
D:4:      layout_loops_corners, kennysheep_mini, minitemple,
          hangedman_decor_slide_cut
D:5:      layout_basic, nicolae_overflow_crystal_walls, temple_pool_b,
          chequers_serial_rivers_small_b, lemuel_flamethrower_2, uniq_edmund
D:6:      layout_loops_corners, marbit_many_paths, fedhas_altar_decomposition,
          mainiacjoe_overflow_concentric_impassable
D:7:      kennysheep_big_flooded_room, layout_rooms, serial_shops,
          nicolae_lakefront_shop, grunt_ministairs_1, minmay_ruined_shrine,
          uniq_pikel
D:8:      layout_basic, dpeg_lair_monsters
D:9:      layout_cave_pools, nicolae_ru_path_of_blood, serial_shops, shop,
          nrook_mini_vaults
D:10:     layout_rooms, david_orc_4, hangedman_abyss_or_decor_clamps
Lair:1:   hellmonk_destroyed_diamonds, layout_hall_layers, grunt_megastairs_5,
          lemuel_fruit_fields, uniq_maggie, uniq_harold
Lair:2:   layout_gridlike, shoals_dummy_entry
Lair:3:   layout_regular_city, minmay_snake_entry_guardpost_small
Lair:4:   layout_roguey, patterned_corridor
Lair:5:   layout_cellular_growth, serial_bayou_pond_c, beast_lair_carwin_5,
          lemuel_fruit_fields
Lair:6:   grunt_lair_end_beastmaster, layout_cave_pods,
          dpeg_slime_entry_enclosed_altar, lemuel_fruit_fields
Snake:1:  layout_onion_interference, minmay_shop_grove
Slime:1:  layout_caves
Slime:2:  layout_caves
Orc:1:    nicolae_orc_accident_3, layout_caves
Orc:2:    st_orc_town, layout_diamond_mine, serial_shops, shop_coins,
          nicolae_orc_tapped_out

Skill      XL: |  1  2  3  4  5  6  7  8  9 10 11 12 13 14 15 |
---------------+----------------------------------------------+-----
Spellcasting   | 3 5 6 7 10 11 | 11.4
Fighting       | 4 7 9 10 13 | 13.5
Evocations     | 1 8 10 | 10.0
Armour         | 3 6 9 11 | 11.0
Dodging        | 5 8 |  8.0
Shields        | 2 8 |  8.9
Stealth        | |  1.5

Action                   |  1- 3 |  4- 6 |  7- 9 | 10-12 | 13-15 || total
-------------------------+-------+-------+-------+-------+-------++-------
Melee: Unarmed           |     6 |     2 |     1 |       |       ||     9
       Staff             |       |       |     2 |    11 |    16 ||    29
       Punch             |       |       |       |       |     1 ||     1
 Cast: Foxfire           |    41 |       |       |       |       ||    41
       Scorch            |    29 |    62 |   104 |   187 |   522 ||   904
       Shock             |     1 |     2 |    12 |     8 |    10 ||    33
       Inner Flame       |       |     2 |     6 |    50 |    75 ||   133
       Vampiric Draining |       |       |     1 |    21 |    28 ||    50
       Flame Wave        |       |       |     1 |    13 |    17 ||    31
       Conjure Flame     |       |       |       |     1 |     2 ||     3
       Lee's Rapid Decon |       |       |       |     1 |    21 ||    22
       Searing Ray       |       |       |       |     1 |     1 ||     2
       Lesser Beckoning  |       |       |       |       |     1 ||     1
       Conjure Ball Ligh |       |       |       |       |     9 ||     9
       Yara's Violent Un |       |       |       |       |     3 ||     3
Evoke: Wand              |       |       |       |       |     7 ||     7
  Use: Scroll            |       |       |       |    12 |    19 ||    31
       Potion            |       |       |       |    11 |     5 ||    16
Armor: Robe              |     9 |     1 |     2 |     1 |       ||    13
       Leather armour    |       |       |     2 |       |       ||     2
       Chain mail        |       |       |    14 |       |       ||    14
       Troll leather arm |       |       |       |    39 |    79 ||   118
Dodge: Dodged            |    31 |    17 |    31 |   134 |   317 ||   530
Block: Buckler           |       |       |       |       |    39 ||    39
       Kite shield       |       |       |       |       |    52 ||    52
       Reflection        |       |       |       |       |     4 ||     4
